 Dungeon Crawl Stone Soup version 0.27.1-3-gb3d3a73c9e (webtiles) character file.

Game seed: 9419344347964973413

27 Gynju the Sneak (level 3, 0/19 HPs)
             Began as a Kobold Enchanter on Oct 16, 2021.
             Slain by a goblin (6 damage)
             ... on level 1 of the Dungeon.
             The game lasted 00:03:37 (1212 turns).

Gynju the Sneak (Kobold Enchanter)                  Turns: 1212, Time: 00:03:38

Health: 0/19       AC:  2    Str:  5    XL:     3   Next: 25%
Magic:  6/6        EV: 15    Int: 22    God:
Gold:   66         SH:  0    Dex: 16    Spells: 3/6 levels left

rFire    . . .     SeeInvis .   a - +1 dagger
rCold    . . .     Faith    .   (shield restricted)
rNeg     . . .     Spirit   .   b - +0 robe
rPois    .         Reflect  .   (no helmet)
rElec    .         Harm     .   (no cloak)
rCorr    .         Rampage  .   (no gloves)
Will     .....                  (no boots)
Stlth    ++++......             (no amulet)
HPRegen  0.06/turn              h - +6 ring of intelligence
MPRegen  0.10/turn              (no ring)

@: no status effects
A: small, no large weapons, nightstalker 3
a: no special abilities


You were on level 1 of the Dungeon.
You visited 1 branch of the dungeon, and saw 1 of its levels.

You collected 66 gold pieces.

Inventory:

Hand Weapons
 a - a +1 dagger (weapon)
Armour
 b - a +0 robe (worn)
Jewellery
 h - a +6 ring of intelligence (left hand)
Scrolls
 d - a scroll of amnesia {unknown}
 e - a scroll of enchant armour {unknown}
 f - a scroll of enchant weapon {unknown}
 g - a scroll of silence {unknown}
Potions
 c - a potion of curing {unknown}
 i - a potion of brilliance {unknown}


   Skills:
 - Level 1.3 Short Blades
 - Level 2.4 Dodging
 + Level 4.9 Stealth
 + Level 2.4 Spellcasting
 + Level 3.5 Hexes


You had 3 spell levels left.
You knew the following spells:

 Your Spells              Type           Power      Damage    Failure   Level
a - Corona                Hex            20%        N/A       3%          1
b - Ensorcelled Hibernat  Hex/Ice        20%        N/A       10%         2

Your spell library contained the following spells:

 Spells                   Type           Power      Damage    Failure   Level
 Confusing Touch          Hex            18%        N/A       10%         3
 Tukima's Dance           Hex            18%        N/A       10%         3
 Dazzling Flash           Conj/Hex       20%        N/A       19%         3


Dungeon Overview and Level Annotations

Branches:
Dungeon (1/15)

Altars:


Innate Abilities, Weirdness & Mutations

You are small and have problems with some larger weapons.
You are completely attuned to the shadows.


Message History

You see here a +0 dagger.
An endoplasm comes into view.
An endoplasm is nearby!
An endoplasm is nearby!
A goblin comes into view. It is wielding a +3 dagger.
The helpless endoplasm fails to defend itself.
You impale the endoplasm!!
You kill the endoplasm!
The goblin shouts!
The goblin closely misses you.
You miss the goblin. The goblin hits you with a +3 dagger.
You hit the goblin but do no damage. The goblin completely misses you.
You closely miss the goblin. The goblin misses you.
You hit the goblin but do no damage. The goblin hits you with a +3 dagger.
You closely miss the goblin. The goblin hits you with a +3 dagger.
You are too injured to fight recklessly!
You are too injured to fight recklessly!
You are too injured to fight recklessly!
You closely miss the goblin. The goblin hits you with a +3 dagger.
* * * LOW HITPOINT WARNING * * *
You hit the goblin but do no damage. The goblin completely misses you.
You hit the goblin.
The goblin is moderately wounded.
The goblin misses you.
You closely miss the goblin.
The goblin is moderately wounded.
The goblin hits you but does no damage.
You hit the goblin.
The goblin is heavily wounded.
The goblin barely misses you.
You miss the goblin.
The goblin is heavily wounded.
The goblin misses you.
You completely miss the goblin.
The goblin is heavily wounded.
The goblin misses you.
You closely miss the goblin.
The goblin is heavily wounded.
The goblin hits you with a +3 dagger.
You die...

#..........# #......##.....
#..........###############....
#.............................
#.......#####....############.
#.......# #....# ##
#.......#####....# #####
#...........#....####### #....
#...........#....#.....# #....
#######.....#@...#.....# #....
###.....#g...#.....# #....
#.......#....#.....# #....
#.#.....######.....###....
#......)..................
#########.................
#.................
#.................
###########.....PP.P..P.####


You could see a goblin.

Vanquished Creatures
  2 dart slugs (D:1)
  2 ball pythons (D:1)
  3 bats (D:1)
  An endoplasm (D:1)
  2 giant cockroaches (D:1)
  3 goblins (D:1)
  2 hobgoblins (D:1)
  A kobold (D:1)
  2 frilled lizards (D:1)
  4 rats (D:1)
22 creatures vanquished.

Vanquished Creatures (others)
  A bat (D:1)
1 creature vanquished.

Grand Total: 23 creatures vanquished

Notes
Turn   | Place    | Note
-------+----------+-------------------------------------------
     0 | D:1      | Gynju the Kobold Enchanter began the quest for the Orb.
     0 | D:1      | Reached XP level 1. HP: 10/10 MP: 3/3
   370 | D:1      | Reached XP level 2. HP: 15/15 MP: 5/5
   373 | D:1      | Learned a level 2 spell: Ensorcelled Hibernation
   623 | D:1      | Found a faded altar of an unknown god.
   817 | D:1      | Reached XP level 3. HP: 19/19 MP: 6/6
  1212 | D:1      | Slain by a goblin

Illustrated notes

Levels and vault maps discovered:
D:1:      dpeg_arrival_orchard, layout_basic, dreamdust_ecumenical_altar_grove

Action                   || total
-------------------------++-------
Melee: Dagger            ||    79
 Stab: Sleeping          ||     8
Armor: Robe              ||    11
Dodge: Dodged            ||    57
